 Dungeon Crawl Stone Soup version 0.27-a0-951-gae3e1deef5 (webtiles) character file.

Game seed: 5044537971189624047

2432 polve the Schismatic (level 9, -3/71 HPs)
             Began as a Demonspawn Abyssal Knight on Apr 11, 2021.
             Was an Elder of Lugonu.
             Succumbed to sastreii's ghost's poison
             ... on level 7 of the Dungeon.
             The game lasted 00:08:22 (10335 turns).

polve the Schismatic (Demonspawn Abyssal Knight)   Turns: 10335, Time: 00:08:23

Health: -3/71      AC: 26    Str: 17 (19) XL:     9   Next: 24%
Magic:  17/17      EV:  5    Int: 13 (14) God:    Lugonu [****..]
Gold:   374        SH:  0    Dex: 11 (13) Spells: 8/8 levels left

rFire    + . .     SeeInvis .   b - +0 rapier
rCold    x . .     Faith    .   (no shield)
rNeg     . . .     Spirit   .   A - +0 plate armour
rPois    +         Reflect  .   t - +0 helmet
rElec    .         Harm     .   w - +0 cloak
rCorr    .         Rampage  .   y - +0 pair of gloves
Will     .....                  u - +0 pair of boots
Stlth    ..........             (no amulet)
HPRegen  1.21/turn              c - ring of flight
MPRegen  0.15/turn              g - ring of fire

@: brilliant, lethally poisoned (-3 -> -26), sanguine armoured, flying
A: claws 2, powered by death 1, sanguine armour 2, poison resistance, strong 2
a: Renounce Religion, Depart the Abyss, Bend Space, Banish, Corrupt


You were on level 7 of the Dungeon.
You worshipped Lugonu.
Lugonu was greatly pleased with you.
You visited 1 branch of the dungeon, and saw 7 of its levels.
You visited the Abyss 1 time.
You also visited: Ossuary.

You collected 374 gold pieces.

Inventory:

Hand Weapons
 a - a +3 dagger of venom
 b - a +0 rapier (weapon)
Missiles
 s - 2 throwing nets
Armour
 t - a +0 helmet (worn)
 u - a +0 pair of boots (worn)
 w - a +0 cloak (worn)
 y - a +0 pair of gloves (worn)
 A - a +0 plate armour (worn)
Jewellery
 c - a ring of flight (left hand)
 g - a ring of fire (right hand)
Wands
 x - a wand of charming (9)
 z - a wand of polymorph (7)
Scrolls
 d - 5 scrolls of fear {unknown}
 h - 6 scrolls of immolation {unknown}
 j - 6 scrolls of identify {unknown}
 k - 2 scrolls of enchant armour {unknown}
 n - 2 scrolls of acquirement {unknown}
 q - 3 scrolls of teleportation {unknown}
 r - 5 scrolls of blinking {unknown}
 v - 5 scrolls of noise {unknown}
 B - a scroll of silence {unknown}
 D - 2 scrolls of amnesia {unknown}
 F - 2 scrolls of enchant weapon {unknown}
Potions
 e - 6 potions of mutation
 i - a potion of lignification
 l - 6 potions of degeneration
 m - 2 potions of attraction
 o - 2 potions of haste
 p - a potion of heal wounds
 C - a potion of ambrosia
 E - a potion of flight


   Skills:
 - Level 6.6 Fighting
 - Level 4.0 Short Blades
 - Level 5.6 Armour
 - Level 0.8 Dodging
 + Level 11.0 Invocations


You had 8 spell levels left.
You didn't know any spells.
Your spell library contained the following spells:

 Spells                   Type           Power      Damage    Failure   Level
 Animate Skeleton         Necr           0%         N/A       100%        1
 Apportation              Tloc           0%         N/A       100%        1
 Corona                   Hex            0%         N/A       100%        1
 Freeze                   Ice            0%         1d3       100%        1
 Magic Dart               Conj           0%         1d3       100%        1
 Sandblast                Erth           0%         2d4       100%        1
 Summon Small Mammal      Summ           0%         N/A       100%        1
 Passwall                 Tmut/Erth      0%         N/A       100%        2
 Searing Ray              Conj           0%         3d3       100%        2
 Dazzling Flash           Conj/Hex       0%         N/A       100%        3
 Frozen Ramparts          Ice            0%         1d2       100%        3
 Ozocubu's Armour         Ice            0%         N/A       100%        3
 Stone Arrow              Conj/Erth      0%         3d7       100%        3
 Fulminant Prism          Conj/Hex       0%         3d6       100%        4
 Hailstorm                Conj/Ice       0%         3d3       100%        4
 Iskenderun's Mystic Bla  Conj/Tloc      0%         2d3       100%        4
 Petrify                  Tmut/Erth      0%         N/A       100%        4
 Lee's Rapid Deconstruct  Erth           0%         3d5*      100%        5
 Metabolic Englaciation   Hex/Ice        0%         N/A       100%        5


Dungeon Overview and Level Annotations

Branches:
Dungeon (7/15)             Temple (0/1) D:5         Ossuary (visited)

Altars:
Hepliaklqana
Nemelex Xobeh
Vehumet


Innate Abilities, Weirdness & Mutations

You have very sharp fingernails.
You regenerate a little health from kills.
When seriously injured, your bleeding wounds create thick armour. (AC +9)
Your system is resistant to poisons. (rPois)
Your muscles are very strong. (Str +4)


Message History

Sastreii's ghost is almost destroyed.
You feel sick.
You are no longer poisoned.
Sastreii's ghost hits you but does no damage.
You are poisoned.
You hit sastreii's ghost but do no damage.
Sastreii's ghost is almost destroyed.
You feel less wooden.
Your +0 cloak unmelds from your body.
Your +0 helmet unmelds from your body.
Your +0 pair of gloves unmelds from your body.
Your +0 pair of boots unmelds from your body.
Your +0 plate armour unmelds from your body.
Your blood congeals into armour.
You feel very sick.
Sastreii's ghost hits you but does no damage.
You are more poisoned.
Really attack while wielding nothing?
Okay, then.
Your +3 dagger of venom begins to drip with poison!
a - a +3 dagger of venom (weapon)
You feel sick. Sastreii's ghost hits you.
* * * LOW HITPOINT WARNING * * *
You hit sastreii's ghost.
Sastreii's ghost is almost destroyed.
You feel very sick.
You hit sastreii's ghost but do no damage.
Sastreii's ghost is almost destroyed.
You feel sick.
Sastreii's ghost hits you but does no damage.
You are lethally poisoned!
Your +3 dagger of venom stops dripping with poison.
b - a +0 rapier (weapon)
* * * LOW HITPOINT WARNING * * *
You feel sick. Sastreii's ghost hits you!
* * * LOW HITPOINT WARNING * * *
You are more poisoned.
You puncture sastreii's ghost!
You destroy sastreii's ghost!
Lugonu accepts your kill.
You die...

########################
#......................#
######.####################.#####
....................<>...........
##.###.#...####.@.....#####.#####
#.# #.#.### ###''########.#....
#.# #.....# #...≈..≈##...#.#.###
##.#####.#.# ##.≈#.8..###.#.#.#
.........#.####....≈#.# #.#.#.#
##.#######...#§#§.?≈.## #.#.#.#
)#...........###§#≈### #.#.#.#
.#....#####..############.#.#.#
.#..........................#.#


There were no monsters in sight!

Vanquished Creatures
  The ghost of sastreii the Fighter, a novice NaGl of Ru (D:7)
  A steam dragon (D:7)
  Duvessa (D:7)
  2 black bears (D:6)
  2 ogres (D:4)
  2 centaurs
  A phantom (D:5)
  A kobold brigand (D:6)
  A gnoll sergeant (D:5)
  4 scorpions
  Dowan (D:7)
  3 wights (D:7)
  5 centaur zombies
  3 hounds
  A human zombie (Ossuary)
  A jelly (D:5)
  6 orc priests
  Crazy Yiuf (D:3)
  A bullfrog zombie (D:6)
  2 centaur skeletons
  Jessica (D:2)
  2 iguanas (D:4)
  4 orc wizards
  A killer bee zombie (D:6)
  2 mummies (Ossuary)
  7 gnolls
  6 adders
  An ufetubus (D:5)
  2 worms
  5 dart slugs
  26 orcs
  3 ball pythons
  3 bats
  9 endoplasms
  4 giant cockroaches
  5 hobgoblins
  8 jackals (D:2)
  15 kobolds
  2 quokkas
  7 frilled lizards
  7 goblins
  A goblin zombie (Ossuary)
  A hobgoblin zombie (Ossuary)
  2 orc zombies (Ossuary)
  4 rats
168 creatures vanquished.

Notes
Turn   | Place    | Note
-------+----------+-------------------------------------------
     0 | Abyss:1  | polve the Demonspawn Abyssal Knight began the quest for the
                  | Orb.
     0 | Abyss:1  | Reached XP level 1. HP: 18/18 MP: 2/2
   118 | Abyss:1  | Noticed an ancient zyme
   119 | D:1      | Escaped the Abyss
   619 | D:1      | Gained mutation: You regenerate a little health from kills.
                  | [demonic ancestry]
   619 | D:1      | Reached XP level 2. HP: 24/24 MP: 3/3
  1073 | D:1      | Found a faded altar of an unknown god.
  1096 | D:1      | Reached * piety under Lugonu
  1159 | D:1      | Gained mutation: When seriously injured, your bleeding
                  | wounds create armour. (AC +9) [demonic ancestry]
  1159 | D:1      | Reached XP level 3. HP: 8/29 MP: 4/4
  1808 | D:2      | Noticed Jessica
  1816 | D:2      | Killed Jessica
  1817 | D:2      | Gained mutation: When seriously injured, your bleeding
                  | wounds create thick armour. (AC +9) [demonic ancestry]
  1817 | D:2      | Reached XP level 4. HP: 32/35 MP: 5/5
  2024 | D:2      | Reached ** piety under Lugonu
  2349 | D:2      | Found a radiant altar of Vehumet.
  3068 | D:3      | Found a runed translucent door.
  3069 | D:3      | Noticed Crazy Yiuf
  3080 | D:3      | Killed Crazy Yiuf
  3372 | D:3      | Gained mutation: You have sharp fingernails. [demonic
                  | ancestry]
  3372 | D:3      | Reached XP level 5. HP: 33/41 MP: 6/6
  4310 | D:4      | Reached XP level 6. HP: 42/49 MP: 7/7
  4623 | D:4      | Reached *** piety under Lugonu
  4670 | D:4      | Reached skill level 5 in Fighting
  5166 | D:4      | Gained mutation: You have very sharp fingernails. [demonic
                  | ancestry]
  5166 | D:4      | Reached XP level 7. HP: 26/56 MP: 8/8
  5658 | D:5      | Entered Level 5 of the Dungeon
  6013 | D:5      | Reached skill level 5 in Armour
  6327 | D:5      | Found a hazy altar of Hepliaklqana.
  6790 | D:5      | Found a staircase to the Ecumenical Temple.
  6808 | D:5      | Reached XP level 8. HP: 43/65 MP: 9/9
  7248 | D:6      | Reached skill level 3 in Invocations
  7380 | D:6      | Reached skill level 4 in Invocations
  7565 | D:6      | Reached skill level 5 in Invocations
  7702 | D:6      | Found a sparkling altar of Nemelex Xobeh.
  7704 | D:6      | Found a radiant altar of Vehumet.
  7744 | D:6      | Reached skill level 6 in Invocations
  8103 | D:6      | Reached **** piety under Lugonu
  8104 | D:6      | Reached skill level 7 in Invocations
  8376 | D:6      | Reached skill level 8 in Invocations
  8507 | D:7      | Found a sand-covered staircase.
  8512 | Ossuary  | Entered an ossuary
  8917 | D:7      | Found a large runed translucent door.
  8918 | D:7      | Found a large runed translucent door.
  8920 | D:7      | Noticed sastreii's ghost (novice NaGl)
  8987 | D:7      | Reached skill level 9 in Invocations
  9004 | D:7      | HP: 1/55 [wight/+6 trident of freezing (3)]
  9429 | D:7      | Reached XP level 9. HP: 39/65 MP: 16/16
  9576 | D:7      | Identified the +1 robe of Deklo {+Inv rPois rCorr Str-3}
  9685 | D:7      | Noticed Dowan
  9687 | D:7      | Noticed Duvessa
  9730 | D:7      | Killed Duvessa
  9731 | D:7      | Reached skill level 10 in Invocations
  9739 | D:7      | Killed Dowan
 10139 | D:7      | Reached skill level 11 in Invocations
 10290 | D:7      | Gained mutation: Your muscles are strong. (Str +2) [potion
                  | of mutation]
 10290 | D:7      | Gained mutation: Your system is resistant to poisons.
                  | (rPois) [potion of mutation]
 10290 | D:7      | Gained mutation: Your muscles are very strong. (Str +4)
                  | [potion of mutation]
 10335 | D:7      | Killed sastreii's ghost
 10335 | D:7      | Succumbed to sastreii's ghost's poison

Illustrated notes

Levels and vault maps discovered:
D:1:      ncdulo_watergridlock, layout_basic, basic_ecumenical_altar
D:2:      layout_loops_corners, basic_altar, uniq_jessica
D:3:      layout_loops_ring, uniq_crazy_yiuf_cottage
D:4:      layout_loops_cross
D:5:      layout_rooms, nicolae_overflow_crystal_walls,
          minmay_temple_entry_wispy, serial_park_tiny_2, feat_on_display
D:6:      layout_basic, nicolae_overflow_hidden_temple, hex_medium
D:7:      layout_basic, ebering_ghost_disaster_area,
          lightli_ossuary_entry_decrepit_ruins, uniq_duvessa

Skill      XL: |  1  2  3  4  5  6  7  8  9 |
---------------+----------------------------+-----
Short Blades   | 2 3 4 |  4.0
Armour         | 2 3 4 5 |  5.6
Fighting       | 4 5 6 |  6.6
Invocations    | 9 11 | 11.0
Dodging        | |  0.8

Action                   |  1- 3 |  4- 6 |  7- 9 || total
-------------------------+-------+-------+-------++-------
Melee: Short sword       |    66 |       |       ||    66
       Dagger            |    22 |   237 |   338 ||   597
       Rapier            |       |       |   165 ||   165
       Unarmed           |       |       |    31 ||    31
Invok: Depart the Abyss  |     1 |       |       ||     1
       Bend Space        |       |       |     1 ||     1
  Use: Potion            |     1 |       |    14 ||    15
 Stab: Sleeping          |     1 |       |       ||     1
Armor: Leather armour    |    16 |    13 |       ||    29
       Chain mail        |       |    56 |   172 ||   228
       Plate armour      |       |       |   283 ||   283
       Skin              |       |       |    16 ||    16
Dodge: Dodged            |    32 |    68 |   140 ||   240

Table legend: (Time is in decaauts)
 A = Elapsed time spent in this place.
 B = Non-inter-level travel time spent in this place.
 C = Inter-level travel time spent in this place.
 D = Time resting spent in this place.
 E = Time spent auto-exploring this place.
 F = Levels seen in this place.
 G = Mean time per level.
                   A        B        C        D        E       F      G
               +--------+--------+--------+--------+--------+-----+--------+
         Total |  10195 |   9874 |    321 |      0 |   8469 |   9 | 1132.8 |
       Dungeon |   9736 |   9415 |    321 |      0 |   8149 |   7 | 1390.9 |
         Abyss |    120 |    120 |      0 |      0 |    116 |   1 |  120.0 |
       Ossuary |    338 |    338 |      0 |      0 |    203 |   1 |  338.0 |
               +--------+--------+--------+--------+--------+-----+--------+

Top non-repeatable levels by time:
     D:4: 1866 daAuts
     D:6: 1484 daAuts
     D:1: 1465 daAuts
     D:2: 1363 daAuts
     D:5: 1307 daAuts
     D:7: 1225 daAuts
     D:3: 1023 daAuts
 Ossuary: 338 daAuts
 Abyss:1: 120 daAuts
